 Dungeon Sprint DCSS version 0.21-a0-401-g0b6bec4 (webtiles) character file.

28000000 Ordine the Ninja (level 27, -4/247 (249) HPs)
             Began as a Formicid Fighter on Oct 24, 2017.
             Was the Champion of Makhleb.
             Killed by divine providence
             ... invoked by an observer
              (11 damage)
             ... in the Dungeon (Sprint VIII: "Arena of Blood").
             The game lasted 00:05:34 (280 turns).

Ordine the Ninja (Formicid Fighter)                  Turns: 280, Time: 00:05:35

HP:   -4/247 (249)  AC: 13    Str: 32    XL:     27
MP:   54/54         EV: 24    Int: 10    God:    Makhleb [******]
Gold: 0             SH: 19    Dex: 10    Spells: 80/80 levels left

rFire    . . .     SeeInvis +   l - +∞ Axe of Woe
rCold    . . .     Gourm    .   c - +0 shield
rNeg     . . .     Faith    .   b - +0 scale mail
rPois    .         Spirit   .   (helmet unavailable)
rElec    .         Reflect  .   (no cloak)
rCorr    .         Harm     .   (no gloves)
MR       ++...                  (no boots)
Stlth    ++++++++..             (no amulet)
HPRegen  0.51/turn              (no ring)
MPRegen  0.34/turn              (no ring)

@: lethally poisoned (-4 -> -47)
A: permanent stasis, dig shafts and tunnels, four strong arms, antennae 3
a: Dig, Minor Destruction, Lesser Servant of Makhleb, Major Destruction, Greater
Servant of Makhleb, Renounce Religion


You were in the Dungeon.
You worshipped Makhleb.
Makhleb was exalted by your worship.
You were very hungry.

You visited 1 branch

Inventory:

Hand Weapons
 a - a +0 war axe
 l - the +∞ Axe of Woe (weapon)
   (You found it in the Dungeon)
Armour
 b - a +0 scale mail (worn)
 c - a +0 shield (worn)
Scrolls
 k - a scroll of blinking
Potions
 d - a potion of might
 e - a potion of curing
 g - a potion of heal wounds
 h - a potion of haste
 i - 2 potions of magic
 j - a potion of berserk rage
Comestibles
 f - a bread ration


   Skills:
 O Level 27 Fighting
 O Level 27 Axes
 O Level 27 Throwing
 O Level 27 Armour
 O Level 27 Dodging
 O Level 27 Stealth
 O Level 27 Shields
 O Level 27 Unarmed Combat
 O Level 27 Spellcasting
 O Level 27 Invocations


You had 80 spell levels left.
You didn't know any spells.

Dungeon Overview and Level Annotations

Branches:
Dungeon (1/1)

Altars:
Makhleb


Innate Abilities, Weirdness & Mutations

You cannot be hasted, slowed, berserked, paralysed or teleported.
You can dig through walls and to a lower floor.
Your four strong arms can wield two-handed weapons with a shield.
You have a pair of large antennae on your head. (SInv)


Message History

Unknown command.
Unknown command.
Unknown command.
You chop the vile into pieces!!!
You pulverise the vile into a thin bloody mist.
You destroy the vile!
Makhleb accepts your kill.
You are engulfed in dark miasma.
You are lethally poisoned!
You feel your flesh rotting away!
Your stasis prevents you from being slowed.
* * * LOW HITPOINT WARNING * * *
You feel very sick.
You hear a shout!
The vile throws damnation at you.
The sphere of damnation explodes!
The damnation engulfs you!
* * * LOW HITPOINT WARNING * * *
The observer gazes at you. Something smites you!
You die...

.......X.OW{...
#.....).D.{####...9
..V.9.)OW{.{.#2o...
......)zWG{.......
......)S.Go..S99.
#######OWp###99#
#.V§§#§.# #)#.§§.#
#.#.§@# #.#§§§§#
#)..##§.#
##########).#.##..#
#.................#
#.▓▓▓▓▓▓▓▓▓▓▓▓▓▓▓.#
#.▓ { ▓.# #.▓ ▓.#
#.▓▓▓▓▓▓▓▓▓▓▓▓▓▓▓.#


You could see a meat beast, an eight-headed meat hydra, a destroyer, 2
observers, 2 scourges, a fleshlord, a sculptor of flesh, a large bag of meat
(inner flame), 2 wretched souls, a dread, 6 viles, a meat berserker (berserk)
and a bag of meat.

Vanquished Creatures
  3 molten gargoyles (D)
  8 hell knights (D)
  3 hell beasts (D)
  2 great orbs of eyes (D)
  2 wraiths (D)
  8 vampire knights (D)
  15 ogres (D)
  2 two-headed ogres (D)
  31 orcs (D)
  A phantom (D)
  2 skeletal warriors (D)
  2 sea snakes (D)
  2 small abominations (D)
  A large abomination (D)
  3 crawling corpses (D)
85 creatures vanquished.

Notes
Turn   | Place    | Note
-------+----------+-------------------------------------------
     0 | D        | Found the +∞ Axe of Woe
     0 | D        | Ordine the Formicid Fighter began the quest for the Orb.
     0 | D        | Reached XP level 1. HP: 18/18 MP: 1/1
     2 | D        | Noticed a bag of meat
     3 | D        | Became a worshipper of Makhleb the Destroyer
     4 | D        | Noticed a bag of meat
     6 | D        | Noticed a bag of meat
     7 | D        | Killed a bag of meat
     7 | D        | Reached XP level 2. HP: 37/37 MP: 1/12
     7 | D        | Reached XP level 3. HP: 43/43 MP: 1/14
     7 | D        | Reached XP level 4. HP: 50/50 MP: 1/15
     7 | D        | Reached XP level 5. HP: 55/55 MP: 1/17
     7 | D        | Reached XP level 6. HP: 62/62 MP: 1/18
     7 | D        | Reached XP level 7. HP: 68/68 MP: 1/20
     7 | D        | Reached XP level 8. HP: 75/75 MP: 1/21
     7 | D        | Reached XP level 9. HP: 81/81 MP: 1/22
     7 | D        | Reached XP level 10. HP: 87/87 MP: 1/23
     7 | D        | Reached XP level 11. HP: 93/93 MP: 1/24
     7 | D        | Reached XP level 12. HP: 100/100 MP: 1/25
     8 | D        | Noticed a bag of meat
     8 | D        | Noticed a bag of meat
     8 | D        | Noticed a bag of meat
     8 | D        | Noticed a bag of meat
     8 | D        | Noticed a bag of meat
     9 | D        | Noticed a large bag of meat
     9 | D        | Noticed a bag of meat
     9 | D        | Noticed a meat berserker
     9 | D        | Noticed a bag of meat
    10 | D        | Noticed a meat berserker
    10 | D        | Noticed a large bag of meat
    10 | D        | Noticed a meat berserker
    10 | D        | Noticed a bag of meat
    11 | D        | Noticed a bag of meat
    11 | D        | Noticed a bag of meat
    12 | D        | Killed a meat berserker
    12 | D        | Reached * piety under Makhleb
    12 | D        | Reached skill level 15 in Stealth
    12 | D        | Reached XP level 13. HP: 46/111 MP: 2/29
    12 | D        | Reached XP level 14. HP: 49/118 MP: 2/30
    12 | D        | Killed a bag of meat
    12 | D        | Reached skill level 15 in Shields
    12 | D        | Reached skill level 15 in Invocations
    12 | D        | Reached XP level 15. HP: 52/127 MP: 2/32
    12 | D        | Reached skill level 15 in Fighting
    12 | D        | Reached skill level 15 in Armour
    12 | D        | Killed a meat berserker
    12 | D        | Reached ** piety under Makhleb
    12 | D        | Reached skill level 15 in Axes
    12 | D        | Reached skill level 15 in Throwing
    12 | D        | Reached skill level 15 in Unarmed Combat
    12 | D        | Reached skill level 15 in Spellcasting
    12 | D        | Reached XP level 16. HP: 122/139 MP: 2/35
    13 | D        | Noticed a meat berserker
    14 | D        | Noticed a meat berserker
    14 | D        | Noticed a meat berserker
    14 | D        | Killed a meat berserker
    14 | D        | Reached skill level 15 in Dodging
    14 | D        | Reached XP level 17. HP: 148/148 MP: 2/37
    14 | D        | Reached *** piety under Makhleb
    14 | D        | Reached XP level 18. HP: 158/158 MP: 2/39
    15 | D        | Killed a large bag of meat
    15 | D        | Reached **** piety under Makhleb
    15 | D        | Reached XP level 19. HP: 170/170 MP: 3/41
    16 | D        | Killed a large bag of meat
    16 | D        | Reached ***** piety under Makhleb
    16 | D        | Reached XP level 20. HP: 182/182 MP: 3/44
    17 | D        | Killed a meat berserker
    17 | D        | Reached skill level 27 in Stealth
    17 | D        | Reached XP level 21. HP: 194/194 MP: 3/47
    17 | D        | Killed a meat berserker
    18 | D        | Noticed a meat berserker
    18 | D        | Reached XP level 22. HP: 166/204 MP: 3/49
    18 | D        | Killed a meat berserker
    18 | D        | Reached ****** piety under Makhleb
    18 | D        | Reached skill level 27 in Shields
    18 | D        | Reached skill level 27 in Invocations
    19 | D        | Killed a meat berserker
    19 | D        | Reached skill level 27 in Fighting
    19 | D        | Reached skill level 27 in Armour
    19 | D        | Reached XP level 23. HP: 219/219 MP: 4/52
    21 | D        | Noticed a destroyer
    21 | D        | Noticed a destroyer
    22 | D        | Reached skill level 27 in Axes
    22 | D        | Reached skill level 27 in Throwing
    22 | D        | Reached skill level 27 in Unarmed Combat
    22 | D        | Reached skill level 27 in Spellcasting
    24 | D        | Reached skill level 27 in Dodging
    24 | D        | Reached XP level 24. HP: 227/227 MP: 5/54
    24 | D        | Killed a destroyer
    26 | D        | Noticed a destroyer
    26 | D        | Noticed a destroyer
    26 | D        | Killed a destroyer
    26 | D        | Reached XP level 25. HP: 234/234 MP: 6/54
    28 | D        | Noticed a destroyer
    28 | D        | Killed a destroyer
    31 | D        | Reached XP level 26. HP: 242/242 MP: 7/54
    31 | D        | Killed a destroyer
    32 | D        | Noticed a destroyer
    37 | D        | Killed a destroyer
    37 | D        | Reached XP level 27. HP: 141/249 MP: 9/54
    38 | D        | Noticed a destroyer
    40 | D        | Killed a destroyer
    51 | D        | Killed a destroyer
   132 | D        | Noticed a meat beast
   132 | D        | Noticed a dread
   132 | D        | Noticed a fleshlord
   132 | D        | Noticed a fleshlord
   132 | D        | Noticed a fleshlord
   133 | D        | Noticed a meat beast
   133 | D        | Noticed a dread
   133 | D        | HP: 10/249 [??? (8)]
   135 | D        | Killed a meat beast
   142 | D        | Killed a fleshlord
   143 | D        | Killed a meat beast
   155 | D        | Killed a dread
   163 | D        | Noticed an accursed
   163 | D        | Noticed a fleshlord
   163 | D        | Noticed a fleshlord
   163 | D        | Noticed a fleshlord
   163 | D        | Noticed a meat beast
   163 | D        | Noticed a fleshlord
   163 | D        | Noticed a fleshlord
   163 | D        | Noticed a fleshlord
   164 | D        | Noticed a destroyer
   164 | D        | Noticed a fleshlord
   170 | D        | Killed a fleshlord
   217 | D        | Noticed a destroyer
   217 | D        | Noticed a large bag of meat
   217 | D        | Noticed a fleshlord
   217 | D        | Noticed a fleshlord
   217 | D        | Noticed a dread
   218 | D        | Killed a destroyer
   221 | D        | Killed a meat beast
   224 | D        | Killed a fleshlord
   227 | D        | Killed a fleshlord
   229 | D        | Killed a fleshlord
   230 | D        | Killed a dread
   231 | D        | Noticed a fleshlord
   242 | D        | Killed a fleshlord
   255 | D        | Noticed a fleshlord
   268 | D        | Noticed a vile
   269 | D        | Noticed a dread
   269 | D        | Noticed a vile
   270 | D        | Killed a vile
   274 | D        | Noticed a vile
   278 | D        | Noticed a vile
   278 | D        | Noticed a vile
   278 | D        | Noticed a vile
   278 | D        | Killed a fleshlord
   278 | D        | Killed a fleshlord
   279 | D        | Noticed a meat beast
   279 | D        | Killed a vile
   280 | D        | Noticed a vile
   280 | D        | Noticed a vile
   280 | D        | Noticed a vile
   280 | D        | Killed a vile
   280 | D        | HP: 7/247 [vile/damnation (28)]
   280 | D        | Killed from afar by an observer

Vault maps used:
D:        meatsprint

Skill      XL: |  1  2  3  4  5  6  7  8  9 10 11 12 13 14 15 16 17 18 19 20 21 22 23 |
---------------+----------------------------------------------------------------------+-----
Fighting       | 11 13 14 16 17 18 20 22 23 24 27 | 27.0
Axes           | 9 12 13 15 16 17 19 20 22 23 25 27 | 27.0
Throwing       | 9 12 13 15 16 17 18 20 22 23 25 27 | 27.0
Armour         | 11 13 14 16 17 18 20 22 23 24 27 | 27.0
Dodging        | 8 11 12 13 15 17 19 20 21 23 27 | 27.0
Stealth        | 12 15 16 18 20 21 23 25 27 | 27.0
Shields        | 11 14 15 17 18 20 21 23 25 26 27 | 27.0
Unarmed Combat | 9 12 13 15 16 17 18 20 22 23 25 27 | 27.0
Spellcasting   | 9 12 13 15 16 17 18 20 22 23 25 27 | 27.0
Invocations    | 11 14 15 17 18 19 21 23 25 26 27 | 27.0

Action                   |  1- 3 |  4- 6 |  7- 9 | 10-12 | 13-15 | 16-18 | 19-21 | 22-24 | 25-27 || total
-------------------------+-------+-------+-------+-------+-------+-------+-------+-------+-------++-------
Melee: Executioner's axe |     1 |       |       |     1 |       |     2 |     3 |     3 |    42 ||    52
 Abil: Dig               |       |       |       |       |       |       |       |       |    16 ||    16
Dodge: Dodged            |       |       |       |       |       |       |       |     1 |       ||     1
Block: Shield            |       |       |       |     1 |       |       |     3 |       |     8 ||    12

Table legend:
 A = Spawn XP
 B = Non-spawn XP
 C = Spawn XP percentage of total XP
 D = Spawn monster count
 E = Non-spawn monster count
 F = Spawn count percentage of total count
 G = Total turns spent on level
                    A         B        C        D         E        F      G
               +---------+---------+-------+---------+---------+-------+---------
         Total |       0 | 2376551 |   0.0 |       0 |      78 |   0.0 |   280
               +---------+---------+-------+---------+---------+-------+---------
             D |       0 | 2376551 |   0.0 |       0 |      78 |   0.0 |   280
               +---------+---------+-------+---------+---------+-------+---------
